 Dungeon Crawl Stone Soup version 0.30.0-20-g3b4254fcbd (webtiles) character file.

Game seed: 11618498839826848496

15097 Sabo the Cleaver (level 11, -3/120 (133) HPs)
             Began as a Demonspawn Gladiator on June 1, 2023.
             Was a Priest of Makhleb.
             Slain by a vampire mage (4 damage)
             ... on level 1 of the Abyss on June 2, 2023.
             The game lasted 01:07:22 (13612 turns).

Sabo the Cleaver (Demonspawn Gladiator)            Turns: 13612, Time: 01:07:23

HP:   -3/120 (133)  AC: 29    Str: 18    XL:     11   Next: 97%
MP:   0/20          EV:  2    Int:  9    God:    Makhleb [***...]
Gold: 577           SH:  0    Dex: 16    Spells: 10/10 levels left

rFire   . . .        q - +5 battleaxe (venom)
rCold   . . .        (shield currently unavailable)
rNeg    . . .        v - melded +2 scale mail {rC+}
rPois   +            (helmet currently unavailable)
rElec   .            B - melded scarf {shadows}
rCorr   .            C - melded +2 pair of gloves
SInv    .            (boots currently unavailable)
Will    .....        (no amulet)
Stlth   ++           u - ring of magical power
HPRegen 0.40/turn    D - +4 ring of protection
MPRegen 0.34/turn

%: guardian spirit
@: tree-form, heavily drained
A: stationary, stasis, torment immunity, boosted hp, (horns 2), (thin metallic
scales 3), magic shield, magic regeneration, (poison resistance), wild magic 1
a: Renounce Religion, Minor Destruction, Lesser Servant of Makhleb


You were on level 1 of the Abyss.
You worshipped Makhleb.
Makhleb was most pleased with you.
You were a tree.
You visited 2 branches of the dungeon, and saw 11 of its levels.
You visited the Abyss 1 time.

You collected 577 gold pieces.

Inventory:

Hand Weapons
 a - a +0 war axe
 o - a +2 mace of freezing
 q - a +5 battleaxe of venom (weapon)
 t - a +2 dagger of freezing
 w - a +0 shortbow
 y - a +3 morningstar
 J - a +6 spear of flaming
Missiles
 d - 5 throwing nets (quivered)
 e - 9 javelins
 p - a curare-tipped dart
 x - 9 poisoned darts
 H - 14 boomerangs
Armour
 v - a +2 scale mail of cold resistance (melded)
 B - a scarf of shadows (melded)
 C - a +2 pair of gloves (melded)
Jewellery
 c - a ring of fire
 f - a ring of ice
 m - a ring of positive energy
 u - a ring of magical power (left branch)
 D - a +4 ring of protection (right branch)
Wands
 g - a wand of iceblast (6)
 M - a wand of light (2)
Scrolls
 b - 2 scrolls of fear
 k - a scroll of teleportation
 F - 2 scrolls of blinking
 I - 3 scrolls of fog
Potions
 h - 5 potions of curing
 i - a potion of ambrosia {unknown}
 j - a potion of magic {unknown}
 l - a potion of degeneration {unknown}
 r - a potion of flight {unknown}
 z - 3 potions of haste
 A - a potion of brilliance {unknown}
 E - a potion of attraction {unknown}
 G - a potion of resistance {unknown}
 K - a potion of lignification
 L - 2 potions of mutation
Miscellaneous
 n - a piece from Xom's chessboard (15/15)


   Skills:
 + Level 9.1 Fighting
 + Level 12.1(12.5) Axes
 + Level 5.0(9.3) Polearms
 + Level 2.0 Throwing
 + Level 8.1 Armour
 + Level 5.5 Dodging
 + Level 1.6 Stealth
 + Level 0.3 Unarmed Combat


You had 10 spell levels left.
You didn't know any spells.
Your spell library contained the following spells:

 Spells                   Type           Power      Damage    Failure   Level
 Foxfire                  Conj/Fire      0%         2x1d4     47%         1
 Slow                     Hex            0%         N/A       47%         1
 Ensorcelled Hibernation  Hex/Ice        0%         N/A       61%         2
 Confusing Touch          Hex            0%         N/A       83%         3
 Spider Form              Tmut/Pois      0%         N/A       83%         3
 Vampiric Draining        Necr           0%         2d6       83%         3
 Anguish                  Hex/Necr       0%         N/A       99%         4
 Fireball                 Conj/Fire      0%         3d3       100%        5
 Summon Forest            Summ/Tloc      0%         N/A       100%        5
 Iron Shot                Conj/Erth      0%         9d1       100%        6
 Plasma Beam              Fire/Air       0%         2x1d11    100%        6
 Starburst                Conj/Fire      0%         6d3       100%        6
 Malign Gateway           Summ/Tloc      0%         N/A       100%        7
 Summon Horrible Things   Summ           0%         N/A       100%        8


Dungeon Overview and Level Annotations

Branches:
Dungeon (10/15)            Temple (1/1) D:4            Lair (0/5) D:8
    Orc: D:9-12

Altars:
Ashenzari
Cheibriados
Dithmenos
Fedhas
Gozag
Hepliaklqana
Kikubaaqudgha
Makhleb
Nemelex Xobeh
Okawaru
Qazlal
Ru
Sif Muna
Trog
Uskayaw
Vehumet
Wu Jian
Xom
Yredelemnul

Shops:
D:5 [

Annotations:
D:10 Sonja


Innate Abilities, Weirdness & Mutations

You are a tree.
Your roots penetrate the ground, keeping you stationary.
You cannot be teleported.
You are immune to unholy pain and torment.
Your maximum health is greatly increased.
Your equipment is partially melded.
((You have a pair of horns on your head.))
((You are completely covered in thin metallic scales. (AC +4, rElec)))
When hurt, damage is shared between your health and your magic reserves.
You regenerate magic rapidly.
((Your system is resistant to poisons. (rPois)))
Your spells are a little harder to cast, but a little more powerful.


Message History

You hit something but do no damage. You closely miss the jiangshi.
The jiangshi claws you but does no damage.
The jiangshi closely misses you. x2
The jiangshi claws you but does no damage. x2
The jiangshi claws you!
The jiangshi draws strength from your injuries!
Something hits you but does no damage. Something bites you.
Something draws strength from your injuries!
You barely miss something. Your headbutt misses something.
You hit the jiangshi. You hit the jiangshi but do no damage.
The jiangshi claws you but does no damage.
The jiangshi barely misses you. The jiangshi closely misses you.
The jiangshi claws you!
* * * LOW HITPOINT WARNING * * *
The jiangshi draws strength from your injuries!
Something draws life force from you!
* * * LOW HITPOINT WARNING * * *
It was a potion of lignification.
You turn into a tree.
Your scarf of shadows melds into your body.
Your +2 pair of gloves melds into your body.
Your +2 scale mail of cold resistance melds into your body.
The dungeon's light returns to normal.
You feel less resistant to cold.
Your roots penetrate the ground.
The jiangshi claws you but does no damage.
The jiangshi claws you.
* * * LOW HITPOINT WARNING * * *
The jiangshi draws strength from your injuries!
The jiangshi claws you.
The jiangshi draws strength from your injuries!
The jiangshi claws you but does no damage.
You hear some strange, mumbled words.
A bolt of negative energy appears from out of thin air!
The bolt of negative energy hits you.
You feel drained.
* * * LOW HITPOINT WARNING * * *
You cannot move.
You hit the jiangshi but do no damage.
The jiangshi is lightly damaged.
You barely miss something. You closely miss the jiangshi.
Something hits you but does no damage. Something bites you.
You die...

# # .# .# .# # .##.
..##.##..#####.
#....#V{...##.#
...##.V♣...##.###
#............#.##
#............#..###.
#............#.....#
#.............#
##............#
#...###.##..#..#
#...#....#..##....
#. .. .#. .#...#


You could see 2 jiangshi.

Vanquished Creatures
  Harold (D:9)
  A hydra (D:10)
  A tengu warrior (D:10)
  2 two-headed ogres
  Nergalle (D:10)
  Pikel (D:5)
  A deep elf pyromancer (D:10)
  An ugly thing (D:9)
  An unseen horror (D:10)
  A kobold demonologist (D:10)
  Psyche (D:9)
  4 trolls
  A hornet (shapeshifter) (D:10)
  A hornet (D:10)
  A shadow (D:10)
  20 yaks
  2 wyverns
  3 vampires
  A steam dragon (D:8)
  2 acid dragons (D:9)
  2 water moccasins
  An orc warrior (D:9)
  5 black bears
  A sky beast (D:7)
  An ice beast (D:5)
  3 ogres
  4 centaurs
  A phantom (D:6)
  A kobold brigand (D:9)
  5 bullfrogs
  2 scorpions (D:4)
  A gnoll sergeant (D:7)
  6 wights
  11 killer bees
  2 howler monkeys (D:7)
  6 hounds
  A jelly (D:5)
  3 orc priests
  2 sleepcaps
  Jessica (D:2)
  Terence (D:2)
  Natasha (twice) (D:2)
  9 iguanas
  14 orc wizards
  A mummy (D:6)
  11 gnolls
  11 adders
  2 ufetubi
  2 worms
  A dart slug (D:1)
  23 orcs
  14 endoplasms
  4 giant cockroaches
  10 goblins
  12 hobgoblins
  A jackal (D:6)
  11 kobolds
  4 quokkas
  7 ball pythons
  5 bats
  6 frilled lizards
  8 rats
  A butterfly (D:4)
266 creatures vanquished.

Vanquished Creatures (others)
  A kobold (D:3)
1 creature vanquished.

Grand Total: 267 creatures vanquished

Notes
Turn   | Place    | Note
-------+----------+-------------------------------------------
     0 | D:1      | Sabo the Demonspawn Gladiator began the quest for the Orb.
     0 | D:1      | Reached XP level 1. HP: 16/16 MP: 1/1
   242 | D:1      | Reached skill level 3 in Axes
   244 | D:1      | Gained mutation: You are partially covered in thin metallic
                  | scales. (AC +2) [demonic ancestry]
   244 | D:1      | Reached XP level 2. HP: 22/22 MP: 2/2
   886 | D:1      | Gained mutation: You are mostly covered in thin metallic
                  | scales. (AC +3) [demonic ancestry]
   886 | D:1      | Reached XP level 3. HP: 27/27 MP: 3/3
  1243 | D:2      | Reached skill level 1 in Armour
  1243 | D:2      | Gained mutation: You regenerate magic rapidly. [demonic
                  | ancestry]
  1243 | D:2      | Reached XP level 4. HP: 18/33 MP: 4/4
  1354 | D:2      | Noticed Natasha
  1361 | D:2      | Killed Natasha
  1406 | D:2      | Reached skill level 4 in Axes
  1562 | D:2      | Gained mutation: You are completely covered in thin
                  | metallic scales. (AC +4, rElec) [demonic ancestry]
  1562 | D:2      | Reached XP level 5. HP: 38/39 MP: 5/5
  2004 | D:2      | Noticed Terence
  2028 | D:2      | Killed Terence
  2404 | D:2      | Noticed Jessica
  2418 | D:2      | Noticed Natasha
  2419 | D:2      | Killed Jessica
  2420 | D:2      | Reached XP level 6. HP: 41/46 MP: 6/6
  2433 | D:2      | Killed Natasha
  2908 | D:3      | Reached skill level 5 in Axes
  3254 | D:3      | Found a radiant altar of Vehumet.
  3608 | D:4      | Reached XP level 7. HP: 25/52 MP: 7/7
  3785 | D:4      | Found a faded altar of an unknown god.
  3785 | D:4      | Found a faded altar of an unknown god.
  3787 | D:4      | Found a hazy altar of Hepliaklqana.
  3882 | D:4      | Reached skill level 6 in Axes
  3953 | D:4      | Found a shimmering altar of Xom.
  3998 | D:4      | Identified the +0 robe of Precision Catastrophes {Will+
                  | Stlth+}
  4813 | D:4      | Found a staircase to the Ecumenical Temple.
  4836 | Temple   | Entered the Ecumenical Temple
  4929 | Temple   | Became a worshipper of Makhleb the Destroyer
  5042 | D:5      | Entered Level 5 of the Dungeon
  5253 | D:5      | Noticed Pikel
  5273 | D:5      | Killed Pikel
  5274 | D:5      | Reached skill level 7 in Axes
  5274 | D:5      | Reached skill level 1 in Stealth
  5274 | D:5      | Gained mutation: When hurt, damage is shared between your
                  | health and your magic reserves. [demonic ancestry]
  5274 | D:5      | Reached XP level 8. HP: 42/61 MP: 8/8
  5471 | D:5      | Found a broken altar of Ashenzari.
  5700 | D:5      | Reached skill level 5 in Fighting
  5752 | D:5      | Found Mitubb's Armour Boutique.
  5893 | D:5      | Reached skill level 8 in Axes
  6016 | D:5      | Found an ancient bone altar of Kikubaaqudgha.
  6548 | D:6      | Gained mutation: You have a pair of small horns on your
                  | head. [demonic ancestry]
  6548 | D:6      | Reached XP level 9. HP: 53/68 MP: 9/9
  6681 | D:6      | Found a sacrificial altar of Ru.
  6726 | D:6      | Found a snail-covered altar of Cheibriados.
  6998 | D:6      | Reached * piety under Makhleb
  6999 | D:6      | Reached skill level 5 in Armour
  7484 | D:7      | Reached skill level 9 in Axes
  8078 | D:7      | Got Cucsitz's Annotations on Called Earth
  8259 | D:7      | Reached skill level 1 in Polearms
  8433 | D:7      | Found an iron altar of Okawaru.
  8535 | D:7      | Found an ornate altar of the Wu Jian Council.
  8707 | D:8      | Gained mutation: You are vulnerable to heat. (rF-) [potion
                  | of mutation]
  8707 | D:8      | Gained mutation: You are clumsy. (Dex -2) [potion of
                  | mutation]
  8707 | D:8      | Gained mutation: You are robust. (+10% HP) [potion of
                  | mutation]
  8708 | D:8      | Lost mutation: You are robust. (+10% HP) [potion of
                  | mutation]
  8708 | D:8      | Lost mutation: You are clumsy. (Dex -2) [potion of
                  | mutation]
  8708 | D:8      | Lost mutation: You are vulnerable to heat. (rF-) [potion of
                  | mutation]
  8708 | D:8      | Gained mutation: Your system is resistant to poisons.
                  | (rPois) [potion of mutation]
  8708 | D:8      | Gained mutation: Your spells are a little harder to cast,
                  | but a little more powerful. [potion of mutation]
  8748 | D:8      | Found a staircase to the Lair.
  9047 | D:8      | Reached ** piety under Makhleb
  9052 | D:8      | Reached XP level 10. HP: 75/77 MP: 10/10
  9634 | D:8      | Found an opulent altar of Gozag.
  9752 | D:8      | Found a blossoming altar of Fedhas.
 10791 | D:9      | Noticed Harold
 10807 | D:9      | Killed Harold
 10808 | D:9      | Reached skill level 5 in Polearms
 10998 | D:9      | Reached skill level 10 in Axes
 11007 | D:9      | Reached *** piety under Makhleb
 11074 | D:9      | Noticed Psyche
 11077 | D:9      | Noticed a green ugly thing
 11271 | D:9      | Noticed a two-headed ogre
 11277 | D:9      | Killed a two-headed ogre
 11278 | D:9      | Gained mutation: You have a pair of horns on your head.
                  | [demonic ancestry]
 11278 | D:9      | Reached XP level 11. HP: 46/86 MP: 9/11
 11699 | D:9      | Killed a green ugly thing
 12033 | D:9      | Killed Psyche
 12162 | D:9      | Upgraded the game from 0.30.0-19-g36f170ea60 to
                  | 0.30.0-20-g3b4254fcbd
 12164 | D:10     | Entered Level 10 of the Dungeon
 12246 | D:10     | Reached skill level 5 in Dodging
 12470 | D:10     | Noticed a five-headed hydra
 12470 | D:10     | Noticed a tengu warrior
 12470 | D:10     | Noticed a deep elf pyromancer
 12479 | D:10     | Killed a deep elf pyromancer
 12480 | D:10     | Reached skill level 11 in Axes
 12484 | D:10     | Noticed a sun demon
 12496 | D:10     | Killed a tengu warrior
 12498 | D:10     | Noticed a sixfirhy
 12924 | D:10     | Noticed a two-headed ogre
 12931 | D:10     | Killed a two-headed ogre
 13277 | D:10     | Killed an 11-headed hydra
 13451 | D:10     | Noticed Nergalle
 13462 | D:10     | Reached skill level 12 in Axes
 13462 | D:10     | Killed Nergalle
 13576 | D:10     | Noticed Sonja
 13578 | Abyss:1  | Cast into level 1 of the Abyss (Sonja)
 13600 | Abyss:1  | Noticed a vampire mage
 13603 | Abyss:1  | Noticed a jiangshi
 13606 | Abyss:1  | Noticed a jiangshi
 13611 | Abyss:1  | HP: 6/123 [jiangshi[a vampire mage] (5)]
 13611 | Abyss:1  | HP: 1/120 [something/bolt of negative energy (5)]
 13612 | Abyss:1  | Slain by a vampire mage

Illustrated notes

Levels and vault maps discovered:
D:1:      dpeg_cavernosity, layout_basic, dreamdust_mushroom_princess
D:2:      minmay_thinvault, layout_loops_ring, kennysheep_generic_room_11,
          uniq_natasha, uniq_terence, uniq_jessica
D:3:      layout_rooms, fiery_altar_vehumet
D:4:      layout_loops_ring, nicolae_hepliaklqana_ecumenical_no_more,
          xom_butterflies, minmay_temple_entry_offerings, roderic_lattice_a,
          minmay_diced_spiral
D:5:      layout_loops_ring, lemuel_round_altar, kiku_gazebo_pond_becter,
          serial_shops, shop, uniq_pikel
D:6:      layout_loops_ring, nicolae_ru_great_annihilating_truth, slow_altar_1,
          grunt_ministairs_15
D:7:      layout_cave_pools, dreamdust_divine_triumvirate,
          mainiacjoe_overflow_swirl, grunt_ogre_cave,
          minmay_a_box_with_orc_wizards_in_it
D:8:      layout_layer_cave, mainiacjoe_overflow_large_starburst,
          due_lair_maze_entry_diamond
D:9:      nicolae_BIG_FREAKIN_CUBE, layout_basic, serial_curves, eino_curves_03,
          eino_curves_02, kennysheep_generic_room_7, uniq_harold, uniq_psyche
D:10:     layout_irregular_city, wad_scary_box, uniq_nergalle, uniq_sonja
Temple:   nicolae_temple_godpark
Abyss:1:  base:
D:7

Skill      XL: |  1  2  3  4  5  6  7  8  9 10 11 |
---------------+----------------------------------+-----
Throwing       | 2 |  2.0
Axes           | 3 4 5 7 8 9 10 12 | 12.1
Dodging        | 3 4 5 |  5.5
Armour         | 1 2 3 4 5 7 8 |  8.1
Fighting       | 3 4 5 6 8 9 |  9.1
Stealth        | 1 |  1.6
Polearms       | 2 5 |  5.0
Unarmed Combat | |  0.3

Action                     |  1- 3 |  4- 6 |  7- 9 | 10-12 || total
---------------------------+-------+-------+-------+-------++-------
  Melee: War axe           |    82 |   235 |   282 |       ||   599
         Punch             |     3 |     1 |     4 |     1 ||     9
         Spear             |       |       |    89 |    84 ||   173
         Headbutt          |       |       |    48 |    75 ||   123
         Battleaxe         |       |       |       |   218 ||   218
         Unarmed           |       |       |       |     6 ||     6
    Use: Scroll            |     2 |     3 |    12 |     6 ||    23
         Potion            |       |       |     6 |     3 ||     9
   Stab: Sleeping          |     2 |       |       |       ||     2
         Paralysed         |       |       |     1 |       ||     1
 Armour: Leather armour    |    33 |       |       |       ||    33
         Chain mail        |       |   183 |   324 |    90 ||   597
         Scale mail        |       |       |       |   194 ||   194
         Skin              |       |       |       |     5 ||     5
  Dodge: Dodged            |    41 |   121 |   189 |   229 ||   580
